 Dungeon Crawl Stone Soup version 0.30-a0-1043-g60ff8d5f49 (webtiles) character file.

Game seed: 9292216575123325834

12385 greasedhog the Blocker (level 11, -2/69 HPs)
             Began as a Gargoyle Cinder Acolyte on Apr 11, 2023.
             Was a High Priest of Ignis.
             Slain by an anaconda (13 damage)
             ... on level 1 of the Lair of Beasts.
             The game lasted 00:24:01 (10871 turns).

greasedhog the Blocker (Gargoyle Cinder Acolyte)   Turns: 10871, Time: 00:24:01

Health: -2/69      AC: 30    Str: 22    XL:     11   Next: 92%
Magic:  12/12      EV:  2    Int: 15    God:    Ignis [*****.]
Gold:   633        SH: 11    Dex:  5    Spells: 12/12 levels left

rFire   + + +      SeeInvis .    a - +5 whip of the Last Knives {heavy, rF+}
rCold   + . .      Faith    .    p - +0 kite shield
rNeg    + . .      Spirit   .    C - +0 plate armour
rPois   ∞          Reflect  .    (no helmet)
rElec   +          Rampage  .    (no cloak)
rCorr   +                        h - +0 pair of gloves
Will    .....                    s - +1 pair of boots of Lourhoggi {rC+} Stlth
                                 (no amulet)
HPRegen 0.31/turn                d - ring of resist corrosion
MPRegen 0.13/turn                m - ring of protection from fire

@: fiery-armoured, constricted, studying Maces & Flails
A: sickness immunity, AC +8, negative energy resistance 1, electricity
resistance, torment resistance 1, petrification resistance
a: Renounce Religion, Fiery Armour, Foxfire Swarm, Rising Flame


You were on level 1 of the Lair of Beasts.
You worshipped Ignis.
Ignis was extremely pleased with you.
You visited 2 branches of the dungeon, and saw 11 of its levels.

You collected 843 gold pieces.
You spent 210 gold pieces at shops.

Inventory:

Hand Weapons
 a - the +5 whip of the Last Knives (weapon) {heavy, rF+}
   (You bought it in a shop on level 8 of the Dungeon)

   rF:        It protects you from fire.
Missiles
 A - 4 curare-tipped darts (quivered)
Armour
 h - a +0 pair of gloves (worn)
 p - a +0 kite shield (worn)
 s - the +1 pair of boots of Lourhoggi (worn) {rC+}
   (You found it on level 3 of the Dungeon)

   rC:        It protects you from cold.
 C - a +0 plate armour (worn)
Jewellery
 d - a ring of resist corrosion (left hand)
 m - a ring of protection from fire (right hand)
 z - a ring of protection from cold
 I - a ring of protection from fire
Wands
 r - a wand of mindburst (34)
 y - a wand of paralysis (7)
 D - a wand of iceblast (27)
Scrolls
 b - 4 scrolls of torment
 g - 2 scrolls of magic mapping
 i - a scroll of immolation
 j - a scroll of fog {unknown}
 l - a scroll of fear {unknown}
 o - 4 scrolls of amnesia
 q - 5 scrolls of enchant armour
 t - 8 scrolls of teleportation
 u - 2 scrolls of enchant weapon {unknown}
 v - 3 scrolls of brand weapon
 x - a scroll of butterflies
 B - a scroll of vulnerability {unknown}
 H - a scroll of blinking {unknown}
 J - a scroll of silence {unknown}
Potions
 c - 3 potions of degeneration {unknown}
 e - 3 potions of heal wounds {unknown}
 f - a potion of brilliance {unknown}
 k - a potion of mutation {unknown}
 n - a potion of flight {unknown}
 w - 2 potions of haste {unknown}
 E - 3 potions of curing
 F - 3 potions of attraction {unknown}
 G - 2 potions of ambrosia {unknown}
 L - a potion of experience {unknown}
Miscellaneous
 K - a lightning rod (3/4)


   Skills:
 * Level 8.3 Fighting
 - Level 12.0 Maces & Flails
 + Level 5.3 Armour
 - Level 13.6 Shields
 - Level 1.0 Spellcasting
 - Level 3.0 Fire Magic


You had 12 spell levels left.
You didn't know any spells.
Your spell library contained the following spells:

 Spells                   Type           Power      Damage    Failure   Level
 Scorch                   Fire           18%        2d5       98%         2
 Sting                    Tmut/Pois      0%         1d3       100%        1
 Summon Small Mammal      Summ           0%         N/A       100%        1
 Blink                    Tloc           0%         N/A       100%        2
 Lesser Beckoning         Tloc           0%         N/A       100%        2
 Poisonous Vapours        Pois/Air       0%         N/A       100%        2
 Call Canine Familiar     Summ           0%         N/A       100%        3
 Gell's Gravitas          Tloc           0%         N/A       100%        3
 Portal Projectile        Hex/Tloc       0%         N/A       100%        3
 Summon Guardian Golem    Hex/Summ       0%         N/A       100%        3
 Teleport Other           Tloc           0%         N/A       100%        3
 Flame Wave               Conj/Fire      5%         2d5       100%        4
 Leda's Liquefaction      Hex/Erth       0%         N/A       100%        4
 Manifold Assault         Tloc           0%         N/A       100%        4
 Olgreb's Toxic Radiance  Pois           0%         N/A       100%        4
 Summon Cactus Giant      Summ           0%         N/A       100%        6
 Storm Form               Tmut/Air       0%         N/A       100%        7
 Discord                  Hex            0%         N/A       100%        8
 Ignition                 Fire           4%         3d4       100%        8


Dungeon Overview and Level Annotations

Branches:
Dungeon (10/15)            Temple (0/1) D:6            Lair (1/5) D:10
    Orc (0/2) D:9

Altars:
Ashenzari
Cheibriados
Dithmenos
Elyvilon
Fedhas
Makhleb
Nemelex Xobeh
Okawaru
Qazlal
Sif Muna
Trog
Uskayaw
Vehumet
Wu Jian
Zin
The Shining One

Shops:
D:8 (   D:10 *


Innate Abilities, Weirdness & Mutations

You are immune to sickness and miasma.
Your stone body is resilient. (AC +8)
You are immune to poison.
You resist negative energy. (rN+)
You are resistant to electric shocks. (rElec)
You are resistant to unholy torment.
You are immune to petrification.


Message History

The anaconda is lightly wounded.
You block the anaconda's attack. The anaconda constricts you.
The anaconda bites you but does no damage.
The anaconda is burned by your cloak of flames.
The anaconda is lightly wounded.
The anaconda constricts you.
You whack the anaconda!
The anaconda is moderately wounded.
You block the anaconda's attack. The anaconda constricts you.
You barely miss the anaconda.
The anaconda is moderately wounded.
The anaconda barely misses you. The anaconda constricts you.
The anaconda bites you but does no damage.
The anaconda constricts you.
You whack the anaconda!
The anaconda is moderately wounded.
The anaconda bites you but does no damage.
The anaconda is burned by your cloak of flames.
The anaconda is heavily wounded.
The anaconda constricts you. The anaconda bites you!
* * * LOW HITPOINT WARNING * * *
The anaconda is burned by your cloak of flames.
The anaconda is heavily wounded.
The anaconda constricts you.
You thrash the anaconda!!
The anaconda is almost dead.
You block the anaconda's attack. The anaconda constricts you.
You closely miss the anaconda.
The anaconda is almost dead.
The anaconda bites you but does no damage.
The anaconda is burned by your cloak of flames.
The anaconda is almost dead.
The anaconda constricts you.
* * * LOW HITPOINT WARNING * * *
The anaconda bites you but does no damage.
The anaconda constricts you.
You barely miss the anaconda.
The anaconda is almost dead.
The anaconda bites you!
You die...

#..# ..# #...[..# #.##
..P# #......# #.# ##
##......# P.## #.......#
...# ##......# ..##
##......# ..#
########P(.....# ..##
#..##...#.##.......#
...###.....}...S@†.P+##.##
...........#.#####.#.....#
.###..§....+.....#.#.>#..#
## ...F............#..#..#
# ...F....#.......#..#.##
####.......###.###....#.#
.##................#..#.#
.....# ####.##.....###..#
.....# #..........#


You could see an anaconda.

Vanquished Creatures
  Erica (Lair:1)
  A two-headed ogre (D:10)
  A death yak (Lair:1)
  A cyclops (D:6)
  A cane toad (D:10)
  A black mamba (Lair:1)
  2 komodo dragons (D:10)
  2 rime drakes (Lair:1)
  3 kobold demonologists
  3 hornets
  4 blink frogs (Lair:1)
  A shadow (D:9)
  6 yaks (D:9)
  2 wyverns
  4 basilisks (D:10)
  Eustachio (D:5)
  2 steam dragons
  A vampire mosquito (D:6)
  2 acid dragons
  5 water moccasins
  2 orc warriors (D:9)
  2 sky beasts
  A black bear (D:5)
  A wolf (Lair:1)
  An ogre (D:6)
  2 centaurs (D:9)
  A phantom (D:5)
  A kobold brigand (D:9)
  2 gnoll sergeants
  4 bullfrogs
  3 scorpions
  9 wights
  2 howler monkeys
  An electric eel (Lair:1)
  2 jellies (D:5)
  5 hounds
  3 orc priests
  4 sleepcaps
  A gnoll bouda (D:8)
  4 iguanas
  10 orc wizards
  24 gnolls
  17 adders
  A shadow imp (D:5)
  A white imp (D:6)
  2 ufetubi
  4 dart slugs
  27 orcs
  2 bats
  10 endoplasms
  2 giant cockroaches (D:2)
  3 goblins
  13 hobgoblins
  6 jackals
  8 quokkas
  7 ball pythons
  3 frilled lizards
  19 kobolds
  4 rats
258 creatures vanquished.

Vanquished Creatures (others)
  An orc wizard (D:9)
  A gnoll (D:6)
  3 fungi (Lair:1)
  8 plants (Lair:1)
13 creatures vanquished.

Grand Total: 271 creatures vanquished

Notes
Turn   | Place    | Note
-------+----------+-------------------------------------------
     0 | D:1      | greasedhog the Gargoyle Cinder Acolyte began the quest for
                  | the Orb.
     0 | D:1      | Reached XP level 1. HP: 14/14 MP: 2/2
   125 | D:1      | Reached XP level 2. HP: 19/19 MP: 3/3
   487 | D:1      | Reached XP level 3. HP: 22/24 MP: 4/4
   791 | D:2      | Reached XP level 4. HP: 29/29 MP: 5/5
  1470 | D:3      | Found a white marble altar of Elyvilon.
  1486 | D:3      | Found a blossoming altar of Fedhas.
  1494 | D:3      | Identified the +1 pair of boots of Lourhoggi {rC+}
  1540 | D:3      | Found a snail-covered altar of Cheibriados.
  1579 | D:3      | Found a faded altar of an unknown god.
  1617 | D:3      | Found a stormy altar of Qazlal.
  1701 | D:3      | Found a shadowy altar of Dithmenos.
  1713 | D:3      | Reached XP level 5. HP: 34/34 MP: 6/6
  1746 | D:3      | Found a bloodstained altar of Trog.
  1863 | D:3      | Found a shimmering blue altar of Sif Muna.
  1882 | D:3      | Reached skill level 5 in Maces & Flails
  2013 | D:3      | Found a broken altar of Ashenzari.
  2467 | D:4      | Reached XP level 6. HP: 40/40 MP: 7/7
  2544 | D:4      | Found a glowing silver altar of Zin.
  2599 | D:4      | Reached skill level 5 in Fighting
  2893 | D:5      | Entered Level 5 of the Dungeon
  2907 | D:5      | Reached skill level 1 in Shields
  2982 | D:5      | Reached XP level 7. HP: 37/44 MP: 8/8
  3250 | D:5      | Reached skill level 2 in Shields
  3587 | D:5      | You fall into a shaft and drop 3 floors!
  3753 | D:7      | Reached skill level 3 in Shields
  3911 | D:6      | Noticed a cyclops
  4128 | D:6      | Reached XP level 8. HP: 19/49 MP: 9/9
  4262 | D:6      | Found an iron altar of Okawaru.
  4344 | D:6      | Noticed a hornet
  4358 | D:6      | Killed a hornet
  4359 | D:6      | Reached skill level 4 in Shields
  4514 | D:6      | Reached skill level 5 in Shields
  4544 | D:6      | Killed a cyclops
  4545 | D:6      | Reached XP level 9. HP: 23/54 MP: 10/10
  4728 | D:6      | Reached skill level 10 in Maces & Flails
  4728 | D:6      | Reached skill level 6 in Shields
  4801 | D:6      | Found a sparkling altar of Nemelex Xobeh.
  5148 | D:6      | Found a staircase to the Ecumenical Temple.
  5618 | D:5      | Reached skill level 7 in Shields
  6123 | D:5      | Noticed Eustachio
  6140 | D:5      | Killed Eustachio
  6141 | D:5      | Reached skill level 1 in Armour
  6468 | D:7      | Found an ornate altar of the Wu Jian Council.
  6757 | D:8      | Reached XP level 10. HP: 56/59 MP: 11/11
  6773 | D:8      | Reached skill level 8 in Shields
  7056 | D:8      | Found Waerchi Gaosk's Antique Weapon Shoppe.
  7063 | D:8      | Bought a steaming whip for 210 gold pieces
  7063 | D:8      | Identified the +5 whip of the Last Knives {heavy, rF+} (You
                  | bought it in a shop on level 8 of the Dungeon)
  7639 | D:9      | Found a radiant altar of Vehumet.
  7747 | D:9      | Reached skill level 9 in Shields
  8287 | D:9      | Reached skill level 10 in Shields
  8419 | D:9      | Found a staircase to the Orcish Mines.
  8602 | D:10     | Entered Level 10 of the Dungeon
  8602 | D:10     | Noticed a kobold demonologist
  8602 | D:10     | Noticed a kobold demonologist
  8653 | D:9      | Killed a kobold demonologist
  8654 | D:9      | Reached skill level 5 in Armour
  8686 | D:9      | Killed a kobold demonologist
  8744 | D:10     | Found a hide-covered altar of Uskayaw.
  8754 | D:10     | Identified the +3 leather armour of Ru's Approval {rC-
                  | Int+4 Slay+2 Stlth-}
  8795 | D:10     | Found Tudy's General Store.
  8847 | D:10     | Found a burning altar of Makhleb.
  9174 | D:10     | Reached skill level 11 in Shields
  9211 | D:10     | Reached XP level 11. HP: 55/64 MP: 12/12
  9561 | D:10     | Found a staircase to the Lair.
  9660 | D:10     | Found a glowing golden altar of the Shining One.
  9665 | D:10     | Noticed a two-headed ogre
  9670 | D:10     | Killed a two-headed ogre
  9671 | D:10     | Reached skill level 12 in Shields
 10132 | Lair:1   | Entered Level 1 of the Lair of Beasts
 10237 | Lair:1   | Noticed Erica
 10332 | Lair:1   | Killed Erica
 10397 | Lair:1   | Found the +18 Lear's hauberk
 10445 | Lair:1   | Noticed an anaconda
 10473 | Lair:1   | Reached skill level 13 in Shields
 10478 | Lair:1   | Noticed a death yak
 10511 | Lair:1   | Killed a death yak
 10871 | Lair:1   | Slain by an anaconda

Illustrated notes

Levels and vault maps discovered:
D:1:      lemuel_arrival_river_ford, layout_basic
D:2:      layout_loops_cross
D:3:      layout_basic, mainiacjoe_overflow_six_doors_small,
          nicolae_overflow_crystal_walls, nicolae_qazlal_eye_of_the_storm,
          mainiacjoe_overflow_catwalk, mainiacjoe_overflow_boulevard,
          kennysheep_slug_shrine, lemuel_tele_altar, amcnicky_altar_gilded,
          chequers_ecumenical_altar_twisty, minmay_misc_feat_iff,
          wad_rectangle_vault
D:4:      layout_basic, mainiacjoe_overflow_alcove_4
D:5:      minmay_inner_zag, layout_basic, uniq_eustachio
D:6:      cheibrodos_barr_body, layout_basic, general_overflow_altar,
          nemelex_xobeh_ov_fountains_minmay, minmay_temple_entry_junction,
          minmay_manual_maat
D:7:      layout_rooms, nicolae_wu_jian_wuxing_cycle
D:8:      layout_cave_pools, serial_shops, shop
D:9:      layout_roguey, mainiacjoe_overflow_24_doors, orc_0_dummy
D:10:     layout_long_grid, lightli_temple_of_fire,
          nicolae_tso_carved_into_rock, mainiacjoe_overflow_brackets,
          erik_lair_dragon, serial_shops, shop
Lair:1:   layout_chaotic_city, nicolae_lair_lakeside_cave, uniq_erica

Skill      XL: |  1  2  3  4  5  6  7  8  9 10 11 |
---------------+----------------------------------+-----
Maces & Flails | 4 5 6 7 9 12 | 12.0
Fighting       | 4 5 8 |  8.3
Shields        | 1 3 5 7 11 13 | 13.6
Armour         | 1 5 |  5.3
Spellcasting   | |  1.0
Fire Magic     | |  3.0

Action                     |  1- 3 |  4- 6 |  7- 9 | 10-12 || total
---------------------------+-------+-------+-------+-------++-------
  Melee: Mace              |   113 |   229 |    82 |       ||   424
         Punch             |     1 |       |       |       ||     1
         Flail             |       |       |   348 |    55 ||   403
         Whip              |       |       |       |   445 ||   445
  Throw: Dart              |       |       |     2 |     2 ||     4
 Invoke: Fiery Armour      |       |       |     1 |     1 ||     2
  Evoke: Wand              |       |       |     1 |     2 ||     3
         Lightning rod     |       |       |       |     2 ||     2
    Use: Scroll            |     3 |       |     5 |     1 ||     9
   Stab: Paralysed         |       |       |     7 |     2 ||     9
 Armour: Ring mail         |    63 |    24 |       |       ||    87
         Chain mail        |       |   135 |    60 |       ||   195
         Plate armour      |       |       |   192 |   259 ||   451
  Dodge: Dodged            |    93 |    82 |    93 |    81 ||   349
  Block: Kite shield       |       |     7 |    44 |   219 ||   270
         Buckler           |       |    15 |    51 |       ||    66

Table legend: (Time is in decaauts)
 A = Elapsed time spent in this place.
 B = Non-inter-level travel time spent in this place.
 C = Inter-level travel time spent in this place.
 D = Time resting spent in this place.
 E = Time spent auto-exploring this place.
 F = Levels seen in this place.
 G = Mean time per level.
                   A        B        C        D        E       F      G
               +--------+--------+--------+--------+--------+-----+--------+
         Total |  10887 |  10488 |    399 |   1984 |   5949 |  11 |  989.7 |
       Dungeon |  10313 |   9914 |    399 |   1802 |   5786 |  10 | 1031.3 |
          Lair |    573 |    573 |      0 |    181 |    163 |   1 |  573.0 |
               +--------+--------+--------+--------+--------+-----+--------+

Top non-repeatable levels by time:
    D:10: 1586 daAuts
     D:6: 1560 daAuts
     D:5: 1360 daAuts
     D:9: 1308 daAuts
     D:3: 798 daAuts
     D:8: 782 daAuts
     D:7: 756 daAuts
     D:1: 724 daAuts
     D:2: 722 daAuts
     D:4: 714 daAuts
  Lair:1: 573 daAuts
